 Dungeon Crawl Stone Soup version 0.31-a0-208-gdb31a4691d (webtiles) character file.

Game seed: 1073988323122925324

69 lunkers the Cutter (level 4, -1/35 HPs)
             Began as a Meteoran Wanderer on June 28, 2023.
             Slain by Sigmund
             ... wielding a +0 scythe
              (5 damage)
             ... on level 2 of the Dungeon.
             The game lasted 00:02:13 (1023 turns).

lunkers the Cutter (Meteoran Wanderer)              Turns: 1023, Time: 00:02:14

Health: -1/35      AC:  7    Str: 16    XL:     4   Next: 70%
Magic:  7/7        EV: 11    Int: 11    God:
Gold:   96         SH:  0    Dex: 15    Spells: 4/5 levels left

rFire   . . .        a - +2 dagger
rCold   + . .        (no shield)
rNeg    . . .        j - +2 leather armour {rC+}
rPois   .            (no helmet)
rElec   .            c - +1 cloak
rCorr   .            (no gloves)
SInv    .            (no boots)
Will    +....        (no amulet)
Stlth   +            b - ring of wizardry
HPRegen 0.25/turn    (no ring)
MPRegen 0.10/turn

%: wizardry (x1)
@: enlightened, flying, glowing
A: sense surroundings 1, otherworldly, glowing, explore regen
a: no special abilities


You were on level 2 of the Dungeon.
You visited 1 branch of the dungeon, and saw 2 of its levels.

You collected 96 gold pieces.

Inventory:

Hand Weapons
 a - a +2 dagger (weapon)
Armour
 c - a +1 cloak (worn)
 j - a +2 leather armour of cold resistance (worn)
Jewellery
 b - a ring of wizardry (left hand)
Scrolls
 e - a scroll of teleportation
 f - a scroll of identify


   Skills:
 - Level 1.1 Fighting
 + Level 4.1 Short Blades
 - Level 2.4 Throwing
 - Level 1.2 Armour
 - Level 2.1 Stealth
 - Level 1.3 Spellcasting
 - Level 2.4 Summonings


You had 4 spell levels left.
You knew the following spells:

 Your Spells              Type           Power      Damage    Failure   Level
p - Summon Small Mammal   Summ           24%        N/A       6%          1

Your spell library contained the following spells:

 Spells                   Type           Power      Damage    Failure   Level
 Apportation              Tloc           0%         N/A       16%         1
 Call Canine Familiar     Summ           6%         N/A       16%         3
 Alistair's Intoxication  Tmut/Pois      0%         N/A       98%         5


Dungeon Overview and Level Annotations

Branches:
Dungeon (2/15) Zot: 202

Altars:

Shops:
D:1 *   D:2 [

Annotations:
D:2 Sigmund


Innate Abilities, Weirdness & Mutations

You passively map a small area around you.
You are easily found by Zot.
You glow in the dark.
You regain HP and MP as you explore.


Message History

Cornered, the frilled lizard turns to fight!
You miss the frilled lizard. The frilled lizard bites you.
* * * LOW HITPOINT WARNING * * *
You hit the frilled lizard.
You kill the frilled lizard!
You hit the hobgoblin.
The hobgoblin is severely wounded.
You hit the hobgoblin.
You kill the hobgoblin!
Things that are here:
a hobgoblin corpse; a frilled lizard corpse
b - a ring of wizardry (left hand) Sigmund closely misses you.
You hit Sigmund but do no damage.
Sigmund is severely wounded.
Sigmund casts a spell at you. You resist with almost no effort.
You hit Sigmund.
Sigmund is severely wounded.
Sigmund hits you with a +0 scythe.
* * * LOW HITPOINT WARNING * * *
You barely miss Sigmund.
Sigmund is severely wounded.
Unknown command.
You hit Sigmund.
Sigmund is severely wounded.
Sigmund closely misses you.
Unknown command.
You closely miss Sigmund.
Sigmund is severely wounded.
Unknown command.
You hit Sigmund.
Sigmund is severely wounded.
Sigmund casts a spell at you. The puff of flame hits you!
* * * LOW HITPOINT WARNING * * *
You hit Sigmund.
Sigmund is almost dead.
Sigmund hits you with a +0 scythe.
You die...

#.....#.......#..
* *
#####.###...#####
, #.# #.....#..
#.# ##....... .#.
..<.#.#. # #
#...#.#. *
#.###.##
#.#############
#.#.....
#.....@@......#
#.######
#.###########.#
#.~≈≈≈≈≈
####.###.# ### ,
#........#,...
*#.##.###.###.##
,,, , #, #.#
#...#.#. #†#
###.#.#. ,*#.#
#..... *#.#
######


You could see Sigmund.

Vanquished Creatures
  3 adders (D:2)
  A worm (D:2)
  2 ball pythons
  4 bats
  3 endoplasms
  A giant cockroach (D:1)
  3 goblins
  3 hobgoblins
  4 jackals (D:1)
  3 quokkas
  4 frilled lizards
  2 kobolds (D:1)
  4 rats
37 creatures vanquished.

Notes
Turn   | Place    | Note
-------+----------+-------------------------------------------
     0 | D:1      | lunkers the Meteoran Wanderer began the quest for the Orb.
     0 | D:1      | lunkers set off with the following items: a +2 dagger, a
                  | curare-tipped dart, a +0 cloak, a scroll of fear, a +0
                  | leather armour; and the following spell memorised: Summon
                  | Small Mammal; and the following spells available to
                  | memorise: Call Canine Familiar.
     0 | D:1      | Reached XP level 1. HP: 16/16 MP: 3/3
   201 | D:1      | Reached skill level 1 in Short Blades
   218 | D:1      | Reached XP level 2. HP: 19/23 MP: 5/5
   284 | D:1      | Reached skill level 2 in Short Blades
   343 | D:1      | Reached XP level 3. HP: 23/28 MP: 6/6
   356 | D:1      | Found Bidaiwni's General Store.
   528 | D:2      | Reached skill level 3 in Short Blades
   573 | D:2      | Reached XP level 4. HP: 28/35 MP: 7/7
   772 | D:2      | Found Uxo Venn's Armour Boutique.
   872 | D:2      | Reached skill level 4 in Short Blades
   955 | D:2      | Noticed Sigmund
  1023 | D:2      | Slain by Sigmund

Illustrated notes

Levels and vault maps discovered:
D:1:      wheals_arrival_shading, layout_basic, serial_shops,
          nicolae_shop_tiny_glass, hangedman_glass_teeth, interstate_on_off,
          serial_bayou_lagoon_b
D:2:      layout_loops_ring, serial_shops, nicolae_shop_pleasant_corner_grove,
          grunt_decor_cap, uniq_sigmund

Skill      XL: |  1  2  3  4 |
---------------+-------------+-----
Short Blades   | 1 2 3 4 |  4.1
Fighting       | |  1.1
Throwing       | |  2.4
Armour         | |  1.2
Stealth        | |  2.1
Spellcasting   | |  1.3
Summonings     | |  2.4

Action                     |  1- 3 |  4- 6 || total
---------------------------+-------+-------++-------
  Melee: Dagger            |   110 |    84 ||   194
         Punch             |     1 |       ||     1
  Throw: Dart              |       |     1 ||     1
    Use: Scroll            |     3 |     2 ||     5
         Potion            |       |     2 ||     2
 Armour: Leather armour    |    60 |    30 ||    90
         Skin              |       |    22 ||    22
  Dodge: Dodged            |    43 |    26 ||    69

Table legend: (Time is in decaauts)
 A = Elapsed time spent in this place.
 B = Non-inter-level travel time spent in this place.
 C = Inter-level travel time spent in this place.
 D = Time resting spent in this place.
 E = Time spent auto-exploring this place.
 F = Levels seen in this place.
 G = Mean time per level.
                   A        B        C        D        E       F      G
               +--------+--------+--------+--------+--------+-----+--------+
         Total |    997 |    997 |      0 |      0 |    671 |   2 |  498.5 |
       Dungeon |    997 |    997 |      0 |      0 |    671 |   2 |  498.5 |
               +--------+--------+--------+--------+--------+-----+--------+

Top non-repeatable levels by time:
     D:2: 508 daAuts
     D:1: 488 daAuts
